 Dungeon Crawl Stone Soup version 0.28-a0-247-gb8bfbab023 (webtiles) character file.

Game seed: 17783305632898097257

1809618 robertstho the Conqueror (level 27, 273/273 HPs)
             Began as a Minotaur Berserker on Aug 25, 2021.
             Was a High Priest of Trog.
             Escaped with the Orb
             ... and 3 runes!
             The game lasted 02:16:34 (64942 turns).

robertstho the Conqueror (Minotaur Berserker)      Turns: 64942, Time: 02:16:34

Health: 273/273    AC: 45    Str: 30    XL:     27
Magic:  7/7        EV: 16    Int: 14    God:    Trog [*****.]
Gold:   6136       SH: 20    Dex: 23    Spells: 26/26 levels left

rFire   + + +      SeeInvis .   G - +9 broad axe (antimagic)
rCold   + + .      Faith    .   q - +0 kite shield
rNeg    + . .      Spirit   .   H - +8 gold dragon scales
rPois   +          Reflect  .   o - -2 hat of the Alchemist {rElec rPois rF+ rC+ rN+ Will+ rMut rCorr}
rElec   +          Harm     .   f - scarf {repulsion}
rCorr   +          Rampage  .   K - +2 pair of gloves {Dex+3}
rMut    +                       j - +2 pair of boots "Vafucask" {rCorr Int+6}
Will    ++++.                   P - amulet "Zuaruhoo" {rElec Will+ Regen+}
Stlth   ..........              t - +4 ring of protection
HPRegen 0.00/turn               U - ring "Joutoes" {rElec rPois rF++ Int+3 Dex+6}
MPRegen 0.10/turn

@: inhibited regen, studying Crossbows, repel missiles
A: horns 2, retaliatory headbutt, screaming 1, inhibited regeneration, subdued
magic 1
0: Orb of Zot
}: 3/15 runes: barnacled, silver, gossamer
a: Renounce Religion, Berserk, Trog's Hand, Brothers in Arms


You escaped.
You worshipped Trog.
Trog was extremely pleased with you.
You visited 9 branches of the dungeon, and saw 49 of its levels.
You visited 1 bazaar.
You also visited: Sewer, Gauntlet, Ice Cave and Desolation.

You collected 9832 gold pieces.
You spent 3696 gold pieces at shops.

Inventory:

Hand Weapons
 u - the +3 war axe of Karma {holy, +Rage rF+ rN+ Dex-4 Stlth+}
   (You took it off a minotaur in a Gauntlet)

   It has been blessed by the Shining One to cause great damage to the undead
   and demons.
   Dex:       It affects your dexterity (-4).
   rF:        It protects you from fire.
   rN:        It protects you from negative energy.
   +Rage:     It lets you go berserk.
   Stlth:     It makes you more stealthy.
 G - a +9 antimagic broad axe (weapon)
Armour
 f - a scarf of repulsion (worn)
 j - the +2 pair of boots "Vafucask" (worn) {rCorr Int+6}
   (You found it in a Gauntlet)

   Int:       It affects your intelligence (+6).
   rCorr:     It protects you from acid and corrosion.
 o - the -2 hat of the Alchemist (worn) {rElec rPois rF+ rC+ rN+ Will+ rMut rCorr}
   (You found it on level 3 of the Elven Halls)

   rF:        It protects you from fire.
   rC:        It protects you from cold.
   rElec:     It insulates you from electricity.
   rPois:     It protects you from poison.
   rN:        It protects you from negative energy.
   rCorr:     It protects you from acid and corrosion.
   rMut:      It protects you from mutation.
   Will:      It increases your willpower.
 q - a +0 kite shield (worn)
 H - +8 gold dragon scales (worn)
 I - the +3 hat of Pondering {ponderous, Will+ MP+10 Int+5}
   (You took it off Gastronok on level 3 of the Lair of Beasts)

   Int:       It affects your intelligence (+5).
   MP:        It affects your magic capacity (+10).
   Will:      It increases your willpower.
 K - a +2 pair of gloves of dexterity (worn)
Jewellery
 g - a ring of protection from cold
 i - the amulet "Xyme" {Regen+ Stlth+}
   (You found it on level 14 of the Dungeon)

   [amulet of regeneration]

   Regen:     It increases your rate of health regeneration.
   Stlth:     It makes you more stealthy.
 s - the ring of the Madman {Fly rPois rF- rC- AC+4 Dex+9}
   (You found it in the Desolation of Salt)

   [ring of protection]

   AC:        It affects your AC (+4).
   Dex:       It affects your dexterity (+9).
   rF:        It makes you vulnerable to fire.
   rC:        It makes you vulnerable to cold.
   rPois:     It protects you from poison.
   Fly:       It grants you flight.
 t - a +4 ring of protection (left hand)
 x - the ring "Zuggumn" {Ice rElec Dex+2}
   (You found it on level 3 of the Realm of Zot)

   [ring of ice]

   It enhances your ice magic.
   Dex:       It affects your dexterity (+2).
   rF:        It makes you vulnerable to fire.
   rC:        It protects you from cold.
   rElec:     It insulates you from electricity.
 P - the amulet "Zuaruhoo" (around neck) {rElec Will+ Regen+}
   (You found it on level 12 of the Dungeon)

   [amulet of regeneration]

   rElec:     It insulates you from electricity.
   Regen:     It increases your rate of health regeneration.
   Will:      It increases your willpower.
 T - the ring "Vuakacej" {+Blink rF+ rN+ MP+9 Int+2}
   (You found it on level 1 of the Vaults)

   [ring of magical power]

   Int:       It affects your intelligence (+2).
   rF:        It protects you from fire.
   rN:        It protects you from negative energy.
   MP:        It affects your magic capacity (+9).
   +Blink:    It lets you blink.
 U - the ring "Joutoes" (right hand) {rElec rPois rF++ Int+3 Dex+6}
   (You acquired it on level 14 of the Dungeon)

   [ring of dexterity]

   Int:       It affects your intelligence (+3).
   Dex:       It affects your dexterity (+6).
   rF:        It greatly protects you from fire.
   rElec:     It insulates you from electricity.
   rPois:     It protects you from poison.
 Y - a ring of protection from cold
 Z - the ring "Xetwouka" {rElec rPois Will- AC+4}
   (You found it in the Desolation of Salt)

   [ring of protection]

   AC:        It affects your AC (+4).
   rElec:     It insulates you from electricity.
   rPois:     It protects you from poison.
   Will:      It decreases your willpower.
Wands
 b - a wand of mindburst (26)
 w - a wand of acid (44)
 C - a wand of digging (18)
 F - a wand of iceblast (86)
Scrolls
 h - 8 scrolls of magic mapping
 k - 8 scrolls of fog
 l - 24 scrolls of identify
 n - 32 scrolls of teleportation
 A - 6 scrolls of enchant weapon
 B - 6 scrolls of immolation
 E - 2 scrolls of holy word
 L - 8 scrolls of fear
Potions
 a - 10 potions of mutation
 c - 9 potions of flight
 e - 11 potions of might
 m - 11 potions of ambrosia
 p - 23 potions of curing
 r - 8 potions of heal wounds
 v - 2 potions of invisibility
 z - 3 potions of cancellation
 O - 4 potions of haste
 R - a potion of berserk rage
 S - 2 potions of resistance
Miscellaneous
 d - a condenser vane
 D - a phantom mirror
 J - a lightning rod (4/4)
 N - a tin of tremorstones (2/2)
 X - a box of beasts


   Skills:
 O Level 27 Fighting
 O Level 27 Axes
 O Level 27 Armour
 * Level 12.3 Dodging
 * Level 11.7 Stealth
 O Level 27 Shields
 * Level 8.5 Evocations


You had 26 spell levels left.
You didn't know any spells.
Your spell library was empty.

Dungeon Overview and Level Annotations

Branches:
Dungeon (15/15)            Temple (0/1) D:7            Lair (6/6) D:9
 Shoals (4/4) Lair:2       Spider (4/4) Lair:2        Slime (0/5) Lair:6
    Orc (2/2) D:12            Elf (3/3) Orc:2        Vaults (5/5) D:14
  Crypt (0/3) Vaults:3     Depths (5/5) D:15            Zot (5/5) Depths:5
  Sewer (visited)           IceCv (visited)         Desolation (visited)
Gauntlet (visited)

Altars:
Ashenzari
Dithmenos
Elyvilon
Fedhas
Gozag
Kikubaaqudgha
Okawaru
Ru
Trog
Uskayaw
Vehumet
Wu Jian
Xom
Yredelemnul
The Shining One
Beogh

Shops:
D:4 (   Orc:2 (:*!   Elf:3 (=::   Shoals:1 *   Shoals:2 =   Shoals:3 [*
Shoals:4 *   Vaults:1 !   Vaults:3 :*   Depths:2 ?=

Portals:
Hell: Depths:1 Depths:2 Depths:3 Depths:4 Depths:5
Abyss: Spider:4 Depths:4
Pandemonium: Depths:3 Depths:5
Ziggurat: Depths:3

Annotations:
D:4 Need digging
D:11 3 runed translucent doors, finalsalamander's ghost, novice NaWn
Lair:5 2 transporters, freelancePsychic's ghost, journeyman FeCj
Shoals:4 3 runed translucent doors, exclusion: obsidian statue, flotson's ghost, adept DsDe
Spider:4 2 transporters, Gosaunna's ghost, adept DjVM
Depths:3 1 transporter
Depths:5 exclusion: 2 lightning spires
Zot:1 3 runed translucent doors, Coph's ghost, legendary GnDe


Innate Abilities, Weirdness & Mutations

You have a pair of horns on your head.
You reflexively headbutt those who attack you in melee.
You occasionally shout uncontrollably at your foes.
You do not regenerate when monsters are visible.
Your spells are a little easier to cast, but a little less powerful.


Message History

There is a stone staircase leading up here.
You climb upwards.
There is a stone staircase leading down here.
(D) Dungeon (T) Temple (L) Lair (A) Shoals (N) Spider Nest (M) Slime Pits (O) Orcish Mines (E) Elven Halls (V) Vaults (C) Crypt (U) Depths (H) Hell (Z) Zot
Where to? (Enter - D:1, ? - help)
Okay, then.
You yell at the sun demon!
A red devil, a balrug and 2 sun demons come into view.
The balrug is wielding a +1 demon whip of freezing.
The sun demon shouts! x2
Aiming: Dig
Press: ? - help, Shift-Dir - straight line A rock wall.
This square is covered in magical glow.
The rock shatters into small pieces.
You block the balrug's attack. You block the balrug's attack.
The balrug gestures at you. You block the sticky flame.
The balrug gestures at you. You block the sticky flame.
Aiming: Dig
Press: ? - help, Shift-Dir - straight line A rock wall.
This square is covered in magical glow.
The rock shatters into small pieces.
A pandemonium lord, a small abomination and a lich come into view.
The lich shouts!
The balrug hits you but does no damage.
There is a staircase leading out of the dungeon here.
You can't go down here!
Unknown command.
The balrug hits you but does no damage. Azikh touches you but does no damage.
The lich mumbles some strange words.
The lich flickers and vanishes!
Deactivating autopickup; reactivate with Ctrl-A.
You have escaped!

##.# #...#...##≈≈≈# #.#
...####.#.'...'≈≈≈≈# #.#
#####.).###...##≈≈≈### #.# #.#.#
##...#.≈≈#.# #.# #...#
#..{#..≈#.# #.[ ##.## ##.....≈#.#
### ### #.# #...x#>#.###.########
#.# ##..&###.##.......... #.#
##.@.###.##.######## #### #.#
######2#####..># ...# #.#
#34...3...#.#..# .#.# #.#
#.#####........######## .#†#
#.####.###.........)(....... .#.#
#.##.....#.#..###...........
.#.###.##..3..#.#........#######.
....##....4...(....####..........
..#...........#.##.# #..#######.


You could see Azikh, a balrug, a sun demon and a small abomination.

Vanquished Creatures
  The ghost of Ytolar the Conqueror, a legendary DsFi of Jiyva (Zot:4)
  2 dread liches (Zot:5)
  3 orbs of fire (Zot:5)
  An ancient lich (Zot:5)
  4 juggernauts
  Boris (twice) (Depths:3 Depths:5)
  Bai Suzhen (Elf:3)
  Frederick (Vaults:2)
  6 Killer Klowns (Zot:5)
  Margery (Vaults:5)
  15 golden dragons
  2 curse toes
  Nikola (Depths:1)
  3 electric golems
  A Brimstone Fiend (D:13)
  5 liches
  The ghost of Silenth the Arsonist, an adept DrFE of Vehumet (Vaults:1)
  Jorgrun (D:14)
  14 tentacled monstrosities
  25 Orb Guardians
  8 titans
  The ghost of Huxu the Severer, an adept NaFi of Cheibriados (Depths:4)
  A Hell Sentinel (D:12)
  2 deep elf blademasters (Elf:3)
  9 quicksilver dragons
  Asterion (Elf:3)
  2 deep elf master archers (Elf:3)
  A kraken (Shoals:4)
  Gastronok (Lair:3)
  6 death cobs
  6 sphinxes
  9 tengu reavers
  12 shadow dragons
  18 storm dragons
  An azure jelly (D:15)
  6 draconian monks
  A revenant (Vaults:3)
  4 fire giants
  9 frost giants
  An orc warlord (Orc:2)
  4 iron dragons
  Aizul (Shoals:1)
  5 ghost moths
  A ghost moth (shapeshifter) (Depths:5)
  An imperial myrmidon (Desolation)
  4 draconian knights
  14 deep elf sorcerers
  A balrug (Depths:2)
  8 draconian shifters
  3 emperor scorpions
  21 vault wardens
  6 draconian scorchers
  2 draconian stormcallers
  A juggernaut zombie (Depths:4)
  The ghost of Ati Fenewu the Severer, a journeyman HOWz of Beogh (Spider:3)
  21 ironbound preservers
  23 very ugly things
  A quicksilver ooze (Gauntlet)
  3 deep elf elementalists
  5 draconian annihilators
  12 stone giants
  3 vampire knights
  A spriggan defender (Depths:4)
  A reaper (Zot:5)
  A minotaur (Gauntlet)
  A war gargoyle (Vaults:2)
  11 green draconians
  13 white draconians
  7 deep elf demonologists
  11 deep elf annihilators
  2 entropy weavers
  11 black draconians
  2 dire elephants (Vaults:1)
  11 purple draconians
  16 yellow draconians
  2 halazid warlocks (Desolation)
  4 spark wasps
  A spark wasp (shapeshifter) (Vaults:4)
  4 deep elf death magi
  7 merfolk javelineers
  21 ettins
  8 red draconians
  2 eidola (Vaults:3)
  Snorg (Orc:1)
  8 yaktaur captains
  3 crystal guardians
  15 merfolk impalers
  9 fire dragons
  4 great orbs of eyes
  7 deep elf high priests
  8 servants of whispers (Desolation)
  9 rakshasas
  8 ice dragons
  12 ironbound thunderhulks
  8 boulder beetles
  7 ragged hierophants (Desolation)
  9 peacekeepers
  9 spriggan air magi
  37 vault guards
  A monstrous demonspawn (Depths:5)
  3 caustic shrike simulacra (IceCv)
  10 hydras
  10 ironbound frosthearts
  Erica (D:8)
  2 alligator snapping turtles
  22 centaur warriors
  5 merfolk avatars
  3 ogre magi
  31 dancing weapons
  A death yak (Zot:5)
  A satyr (Shoals:3)
  9 deep troll shamans
  6 merfolk aquamancers
  19 two-headed ogres
  5 tengu warriors
  8 deep troll earth magi
  5 ironbound beastmasters
  2 shock serpents (Depths:5)
  3 vampire magi
  2 sun demons (Depths:2)
  4 hell knights
  5 spriggan berserkers
  12 deep elf knights
  2 orc high priests (Orc:2)
  A goliath frog (shapeshifter) (D:15)
  3 skeletal warriors
  A sixfirhy (Depths:5)
  12 iron trolls
  3 flayed ghosts
  7 glowing orange brains
  A death drake (Gauntlet)
  74 deep trolls
  18 sea snakes
  A spark wasp zombie (Depths:2)
  13 lindwurms
  4 necromancers
  20 ironbound convokers
  2 orange crystal statues (IceCv)
  27 harpies
  19 wizards
  Pikel (D:9)
  18 deep elf archers
  35 deep elf pyromancers
  A tengu zombie (Depths:4)
  6 orc knights
  35 deep elf zephyrmancers
  A mana viper (shapeshifter) (Elf:1)
  An obsidian statue (Zot:5)
  4 phantasmal warriors (Vaults:5)
  9 orb spiders
  24 manticores
  18 wolf spiders
  A salamander (shapeshifter) (Elf:1)
  2 fire giant zombies
  A stone giant zombie (Vaults:3)
  4 orc sorcerers (Orc:2)
  9 cyclopes
  8 oklob plants
  28 moths of wrath
  A faun (Shoals:3)
  75 ugly things
  A tengu skeleton (Vaults:2)
  Maurice (Orc:2)
  3 black mambas
  A toenail golem (Depths:1)
  3 merfolk sirens
  28 elephants
  4 centaur zombies
  3 guardian serpents (Desolation)
  5 water nymphs
  A black mamba (shapeshifter) (D:14)
  2 spectral centaurs (Gauntlet)
  17 vault sentinels
  A guardian serpent (shapeshifter) (Vaults:5)
  2 molten gargoyles (Desolation)
  14 cane toads
  2 unseen horrors
  A spriggan zombie (Depths:1)
  4 rime drakes
  7 demonic crawlers
  10 komodo dragons
  32 yaktaurs
  2 unseen horrors (shapeshifter)
  An efreet (D:14)
  11 freezing wraiths
  5 tengu conjurers
  3 golden dragon simulacra (IceCv)
  2 yaktaur zombies
  31 merfolk
  An ice devil (Gauntlet)
  A red devil (D:12)
  4 wind drakes
  20 jumping spiders
  A queen bee (Spider:3)
  5 trolls
  15 meliai
  A queen bee (shapeshifter) (Elf:2)
  17 blink frogs
  5 polar bears
  Prince Ribbit (D:5)
  43 slime creatures
  52 saltlings (Desolation)
  10 hornets
  14 snapping turtles
  Grinder (D:4)
  11 dream sheep
  A spriggan (shapeshifter) (D:15)
  5 air elementals
  A vampire (D:12)
  3 shadows
  23 tarantellas
  4 wraiths
  65 redbacks
  39 yaks
  4 fire elementals
  A hog (shapeshifter) (Depths:5)
  A spriggan (Depths:4)
  2 tarantellas (shapeshifter)
  An elf skeleton (Vaults:2)
  5 wyverns
  21 water elementals
  Grum (D:9)
  5 basilisks
  5 steam dragons
  4 vampire mosquitoes (D:13)
  5 wargs
  A warg (shapeshifter) (D:13)
  7 acid dragons
  Menkaure (D:6)
  A harpy simulacrum (IceCv)
  A hydra simulacrum (IceCv)
  23 water moccasins
  2 floating eyes (Depths:4)
  22 orc warriors
  3 sky beasts
  A necrophage (D:8)
  An ice beast (D:8)
  A human skeleton (Vaults:2)
  A black bear (D:5)
  A human zombie (Vaults:2)
  11 ogres
  4 ettin simulacra (IceCv)
  21 centaurs
  16 wolves
  3 lemures (D:9)
  3 kobold brigands
  9 bullfrogs
  7 scorpions
  2 earth elementals
  A glowing shapeshifter simulacrum (Depths:1)
  A water moccasin skeleton (D:5)
  33 killer bees
  5 howler monkeys
  3 lindwurm simulacra (IceCv)
  An electric eel (Spider:4)
  2 bullfrog zombies (D:6)
  5 jellies
  3 hounds
  14 orc priests
  A bullfrog skeleton (D:6)
  A gnoll shaman (D:4)
  Ijyb (D:3)
  Jessica (D:3)
  A centaur skeleton (D:7)
  21 orc wizards
  Natasha (twice) (D:4)
  A killer bee zombie (D:8)
  2 hound skeletons
  A howler monkey zombie (D:8)
  Robin (D:3)
  A howler monkey skeleton (D:7)
  7 adders
  5 gnolls
  A river rat (D:3)
  3 white imps
  An adder skeleton (D:4)
  4 worms
  4 dart slugs
  54 orcs
  6 bats
  15 endoplasms
  15 giant cockroaches
  13 hobgoblins
  5 jackals
  17 kobolds
  7 quokkas
  18 ball pythons
  9 frilled lizards
  13 goblins
  6 rats
  4 bushes
  3 tentacles (Shoals:4)
2330 creatures vanquished.

Vanquished Creatures (collateral kills)
  2 orbs of fire (Zot:5)
  An ancient lich (Zot:5)
  Sojobo (Depths:1)
  5 Killer Klowns (Zot:5)
  A curse toe (Zot:5)
  2 tentacled monstrosities (Zot:5)
  2 Orb Guardians (Zot:5)
  A death cob (Zot:5)
  A storm dragon (Vaults:5)
  2 frost giants
  A balrug (Zot:5)
  A ghost moth (Spider:3)
  A deep elf elementalist (Elf:3)
  A green draconian (Zot:5)
  A deep elf demonologist (Elf:3)
  A deep elf annihilator (Elf:3)
  2 black draconians (Zot:5)
  A purple draconian (Zot:5)
  2 merfolk impalers (Shoals:4)
  A deep elf high priest (Elf:3)
  A vault guard (Vaults:5)
  An alligator snapping turtle (Shoals:4)
  A hell knight (Vaults:5)
  An orc high priest (Orc:2)
  A deep elf knight (Elf:3)
  3 deep elf archers (Elf:3)
  A deep troll (Vaults:1)
  3 sea snakes (Shoals:4)
  An ironbound convoker (Vaults:5)
  A harpy (Shoals:4)
  A deep elf zephyrmancer (Elf:3)
  An ugly thing (Depths:1)
  A mana viper (shapeshifter) (Vaults:5)
  A manticore (Shoals:4)
  An orc sorcerer (Orc:2)
  A torpor snail (Spider:4)
  2 cane toads (Lair:1)
  2 rime drakes (Lair:6)
  A komodo dragon (Lair:1)
  A demonic crawler (Spider:3)
  A jumping spider (Spider:3)
  2 wind drakes (Shoals:4)
  A slime creature (Vaults:1)
  A water elemental (Depths:1)
  4 redbacks (Spider:4)
  A tarantella (Spider:4)
  2 basilisks
  An earth elemental (Elf:3)
  2 killer bees (D:5)
  An orc priest (Orc:2)
  Natasha (D:4)
  2 orc wizards (Orc:2)
  3 gnolls (D:4)
78 creatures vanquished.

Vanquished Creatures (others)
  A tengu reaver (Depths:1)
  A ghost moth (Zot:4)
  A red draconian (Zot:5)
  A purple draconian (Zot:4)
  A ragged hierophant (Desolation)
  A deep elf knight (Elf:1)
  A deep elf archer (Elf:2)
  A deep elf zephyrmancer (Elf:1)
  2 deep elf pyromancers
  2 ugly things (Depths:1)
  2 vault sentinels (Vaults:3)
  A water elemental (Elf:1)
  A floating eye (Depths:1)
  An orc wizard (D:6)
  2 ball lightnings (Depths:5)
  24 fungi
  146 plants
  A tentacle (Shoals:4)
190 creatures vanquished.

Grand Total: 2598 creatures vanquished

Notes
Turn   | Place    | Note
-------+----------+-------------------------------------------
     0 | D:1      | robertstho the Minotaur Berserker began the quest for the
                  | Orb.
     0 | D:1      | Reached XP level 1. HP: 19/19 MP: 0/0
   242 | D:1      | Reached XP level 2. HP: 27/27 MP: 1/1
   538 | D:1      | Reached XP level 3. HP: 31/34 MP: 2/2
   581 | D:1      | Reached ** piety under Trog
  1148 | D:2      | Reached XP level 4. HP: 20/41 MP: 3/3
  1713 | D:2      | Reached skill level 5 in Fighting
  1916 | D:3      | Noticed Ijyb
  1921 | D:3      | Paralysed by Ijyb for 6 turns
  1929 | D:3      | Killed Ijyb
  1930 | D:3      | Reached skill level 5 in Axes
  1966 | D:3      | Reached XP level 5. HP: 26/48 MP: 4/4
  1995 | D:3      | Found a glowing drain.
  1999 | Sewer    | Entered a sewer
  2002 | Sewer    | Reached *** piety under Trog
  2582 | Sewer    | Reached XP level 6. HP: 45/57 MP: 5/5
  2704 | D:3      | Noticed Robin
  2712 | D:3      | Killed Robin
  2712 | D:3      | Reached **** piety under Trog
  2860 | D:3      | Noticed Jessica
  2868 | D:3      | Killed Jessica
  3105 | D:3      | Found a broken altar of Ashenzari.
  3415 | D:3      | Reached skill level 5 in Armour
  3870 | D:4      | Found Heirrocw's Antique Weapon Emporium.
  3909 | D:4      | Noticed Grinder
  3912 | D:4      | Paralysed by Grinder for 6 turns
  3922 | D:4      | Killed Grinder
  3923 | D:4      | Reached XP level 7. HP: 64/64 MP: 6/6
  4029 | D:4      | Found an iron altar of Okawaru.
  4038 | D:4      | Noticed Natasha
  4043 | D:4      | Killed Natasha
  4126 | D:4      | Noticed Natasha
  4130 | D:4      | Killed Natasha
  4189 | D:4      | Noticed Natasha
  4194 | D:4      | Killed Natasha
  4758 | D:4      | Found a glowing golden altar of the Shining One.
  4761 | D:4      | Found an ancient bone altar of Kikubaaqudgha.
  4765 | D:4      | Found a radiant altar of Vehumet.
  4985 | D:5      | Entered Level 5 of the Dungeon
  5094 | D:5      | Reached XP level 8. HP: 15/71 MP: 7/7
  5392 | D:5      | Found a shimmering altar of Xom.
  5786 | D:5      | Found a white marble altar of Elyvilon.
  5947 | D:5      | Reached skill level 1 in Stealth
  5952 | D:5      | Reached skill level 1 in Shields
  6403 | D:5      | Noticed Prince Ribbit
  6431 | D:5      | Killed Prince Ribbit
  6754 | D:6      | Reached XP level 9. HP: 59/80 MP: 8/8
  6998 | D:6      | Found a shadowy altar of Dithmenos.
  7640 | D:6      | Noticed Menkaure
  7645 | D:6      | Killed Menkaure
  8330 | D:7      | Found a staircase to the Ecumenical Temple.
  8407 | D:7      | Reached skill level 10 in Axes
  8909 | D:8      | Reached skill level 10 in Armour
  9308 | D:8      | Reached XP level 10. HP: 91/91 MP: 9/9
  9312 | D:8      | Noticed a skeletal warrior
  9423 | D:8      | Noticed Erica
  9440 | D:8      | Killed Erica
  9710 | D:8      | Noticed a two-headed ogre
  9716 | D:8      | Killed a two-headed ogre
  9717 | D:8      | Reached skill level 10 in Fighting
  9892 | D:8      | Reached skill level 5 in Shields
 10252 | D:8      | Noticed a centaur warrior
 10255 | D:8      | Identified the +1 rapier of Compound Interest {freeze,
                  | Dex+3}
 10255 | D:8      | Noticed a centaur warrior
 10264 | D:8      | Killed a centaur warrior
 10267 | D:8      | Killed a centaur warrior
 10561 | D:8      | Noticed a centaur warrior
 10576 | D:8      | Killed a centaur warrior
 10577 | D:8      | Reached XP level 11. HP: 101/101 MP: 10/10
 10822 | D:8      | Reached ***** piety under Trog
 11057 | D:8      | Killed a skeletal warrior
 11152 | D:9      | Found a hide-covered altar of Uskayaw.
 11156 | D:9      | Noticed Pikel
 11170 | D:9      | Killed Pikel
 11545 | D:9      | Noticed a two-headed ogre
 11546 | D:9      | Noticed Grum
 11557 | D:9      | Killed a two-headed ogre
 11560 | D:9      | Killed Grum
 12063 | D:9      | Noticed a centaur warrior
 12073 | D:9      | Killed a centaur warrior
 12285 | D:9      | Found a staircase to the Lair.
 12448 | D:10     | Entered Level 10 of the Dungeon
 12632 | D:10     | Noticed a two-headed ogre
 12641 | D:10     | Killed a two-headed ogre
 13044 | D:10     | Found a sacrificial altar of Ru.
 13085 | D:10     | Noticed a two-headed ogre
 13098 | D:10     | Killed a two-headed ogre
 14307 | D:11     | Noticed a minotaur
 14307 | D:11     | Noticed finalsalamander's ghost (novice NaWn)
 14391 | D:11     | Reached XP level 12. HP: 71/112 MP: 11/11
 14573 | D:11     | Received a gift from Trog
 14793 | D:11     | Found a runed translucent gate.
 14794 | D:11     | Found a runed translucent gate.
 14794 | D:11     | Found a runed translucent gate.
 15416 | Lair:1   | Entered Level 1 of the Lair of Beasts
 17643 | Lair:2   | Found a staircase to the Shoals.
 18501 | Lair:2   | Found a hole to the Spider Nest.
 18720 | Lair:3   | Noticed Gastronok
 18740 | Lair:3   | Killed Gastronok
 18741 | Lair:3   | Reached skill level 5 in Dodging
 18934 | Lair:3   | Reached XP level 13. HP: 122/122 MP: 12/12
 20495 | Lair:4   | Reached skill level 15 in Axes
 20498 | Lair:4   | Reached skill level 15 in Armour
 20504 | Lair:4   | Identified the +10 plate armour of the Unbroken {-Cast
                  | rElec rCorr SInv}
 21249 | Lair:5   | Noticed freelancePsychic's ghost (journeyman FeCj)
 21262 | Lair:5   | Found a bloodstained altar of Trog.
 21263 | Lair:5   | Found a transporter.
 21269 | Lair:5   | Found a transporter.
 22010 | Lair:5   | Found a blossoming altar of Fedhas.
 22325 | Lair:6   | Entered Level 6 of the Lair of Beasts
 22444 | Lair:6   | Reached XP level 14. HP: 82/133 MP: 13/13
 22473 | Lair:6   | Reached skill level 1 in Evocations
 22475 | Lair:6   | Received a gift from Trog
 22482 | Lair:6   | Identified the +1 shortbow "Tosotrio" {speed, +Blink rPois
                  | Stlth+}
 23040 | Lair:6   | Reached skill level 15 in Fighting
 23077 | Lair:6   | Found a staircase to the Slime Pits.
 23795 | Lair:6   | Identified the +8 rapier of Psychosis {vorpal, SInv}
 24414 | D:12     | Noticed a stone giant
 24434 | D:12     | Killed a stone giant
 24823 | D:12     | Found a staircase to the Orcish Mines.
 24855 | D:12     | Identified the amulet "Zuaruhoo" {rElec Will+ Regen+}
 24992 | D:12     | Received a gift from Trog
 25403 | D:13     | Reached skill level 10 in Shields
 25404 | D:13     | Reached XP level 15. HP: 118/143 MP: 14/14
 26350 | Orc:1    | Entered Level 1 of the Orcish Mines
 26358 | Orc:1    | Noticed Snorg
 26364 | Orc:1    | Killed Snorg
 26500 | Orc:2    | Entered Level 2 of the Orcish Mines
 26578 | Orc:2    | Noticed Maurice
 26582 | Orc:2    | Received a gift from Trog
 26587 | Orc:2    | Killed Maurice
 26763 | Orc:2    | Found a staircase to the Elven Halls.
 26889 | Orc:2    | Noticed an orc warlord
 26902 | Orc:2    | Killed an orc warlord
 27097 | Orc:2    | Found Tuit's Weapon Emporium.
 27119 | Orc:2    | Gained mutation: You occasionally shout uncontrollably at
                  | your foes. [a neqoxec]
 27154 | Orc:2    | Found Biqucoa's Distillery.
 27156 | Orc:2    | Found Qyirezadgh's Assorted Antiques.
 27156 | Orc:2    | Found Kutothru's Book Emporium.
 27189 | Orc:2    | Bought a scroll of teleportation for 108 gold pieces
 27189 | Orc:2    | Bought a potion of curing for 108 gold pieces
 27206 | Orc:2    | Bought a potion of curing for 39 gold pieces
 27206 | Orc:2    | Bought a potion of mutation for 104 gold pieces
 27206 | Orc:2    | Bought a potion of heal wounds for 65 gold pieces
 27206 | Orc:2    | Bought 2 potions of heal wounds for 130 gold pieces
 27206 | Orc:2    | Bought a potion of curing for 39 gold pieces
 27206 | Orc:2    | Bought a potion of heal wounds for 65 gold pieces
 27886 | D:14     | Identified a scroll of acquirement
 27887 | D:14     | Acquired the ring "Joutoes" {rElec rPois rF++ Int+3 Dex+6}
 27981 | D:14     | Identified the +7 dagger of Untimely Demise {vorpal, rElec
                  | Int-5 Dex+7} (Trog gifted it to you on level 14 of the
                  | Dungeon)
 27981 | D:14     | Received a gift from Trog
 28246 | D:14     | Reached XP level 16. HP: 155/155 MP: 15/15
 28338 | D:14     | Found a hide-covered altar of Uskayaw.
 28341 | D:14     | Noticed Jorgrun
 28351 | D:14     | Killed Jorgrun
 28475 | D:14     | Identified the amulet "Xyme" {Regen+ Stlth+}
 28483 | D:14     | Found a gate to the Vaults.
 28742 | D:15     | Entered Level 15 of the Dungeon
 28777 | D:15     | Found a gate leading to a gauntlet.
 28786 | Gauntlet | Entered a Gauntlet
 28786 | Gauntlet | Found a transporter.
 28786 | Gauntlet | Found a transporter.
 28786 | Gauntlet | Found a transporter.
 28787 | Gauntlet | Found a transporter.
 28790 | Gauntlet | Found a transporter.
 28790 | Gauntlet | Found a transporter.
 28800 | Gauntlet | Found a transporter.
 28804 | Gauntlet | Found a transporter.
 28816 | Gauntlet | Found a transporter.
 28915 | Gauntlet | Found a transporter.
 28919 | Gauntlet | Found a transporter.
 28929 | Gauntlet | Found a transporter.
 29037 | Gauntlet | Identified the +2 pair of boots "Vafucask" {rCorr Int+6}
 29132 | Gauntlet | Identified the +0 pair of gloves "Zumeolun" {rN+ Str-5
                  | Dex+4}
 29147 | Gauntlet | Identified the +3 war axe of Karma {holy, +Rage rF+ rN+
                  | Dex-4 Stlth+}
 29237 | D:15     | Found a frozen archway.
 29262 | IceCv    | Entered an ice cave
 29763 | D:15     | Received a gift from Trog
 30463 | D:15     | Found a staircase to the Depths.
 31014 | Spider:1 | Entered Level 1 of the Spider Nest
 31533 | Spider:1 | Reached ****** piety under Trog
 31977 | Spider:2 | Reached XP level 17. HP: 168/168 MP: 16/16
 32441 | Spider:3 | Received a gift from Trog
 32925 | Spider:3 | Found a runed translucent door.
 32926 | Spider:3 | Noticed Ati Fenewu's ghost (journeyman HOWz)
 33241 | Spider:3 | Killed Ati Fenewu's ghost
 33281 | Spider:4 | Entered Level 4 of the Spider Nest
 33582 | Spider:4 | Found a transporter.
 33771 | Spider:4 | Received a gift from Trog
 34010 | Spider:4 | Got a gossamer rune of Zot
 34092 | Spider:4 | Found a transporter.
 34102 | Spider:4 | Found a one-way gate to the infinite horrors of the Abyss.
 34116 | Spider:4 | Noticed Gosaunna's ghost (adept DjVM)
 34186 | Spider:4 | Noticed a tentacled monstrosity
 34423 | Shoals:1 | Entered Level 1 of the Shoals
 34594 | Shoals:1 | Found Dutudd's Assorted Antiques.
 34619 | Shoals:1 | Noticed Aizul
 34636 | Shoals:1 | Killed Aizul
 34655 | Shoals:1 | Bought a potion of heal wounds for 180 gold pieces
 34655 | Shoals:1 | Bought a shiny glass wand for 144 gold pieces
 35499 | Shoals:2 | Found Arauhaew's Jewellery Emporium.
 35543 | Shoals:2 | Received a gift from Trog
 35939 | Shoals:2 | Reached XP level 18. HP: 153/180 MP: 17/17
 36360 | Shoals:3 | Found Plog's Antique Armour Boutique.
 36687 | Shoals:3 | Found Fegishaj's CLEARANCE SALE! EVERYTHING MUST GO!.
 37016 | Shoals:3 | Identified the +1 shortbow of Ambiguity {freeze, rElec
                  | Dex+5}
 37201 | Shoals:4 | Entered Level 4 of the Shoals
 37518 | Shoals:4 | Received a gift from Trog
 37557 | Shoals:4 | Identified the +3 chain mail "Ketwont" {*Corrode rC+ Str+4}
 37623 | Shoals:4 | Got a barnacled rune of Zot
 37773 | Shoals:4 | Found a runed translucent gate.
 37773 | Shoals:4 | Found a runed translucent gate.
 37773 | Shoals:4 | Found a runed translucent gate.
 37776 | Shoals:4 | Found an opulent altar of Gozag.
 37812 | Shoals:4 | Reached skill level 15 in Shields
 37816 | Shoals:4 | Identified the ring "Kucetug" {Fire rCorr}
 37876 | Shoals:4 | Noticed flotson's ghost (adept DsDe)
 37878 | Shoals:4 | Found Koewkaopp's Assorted Antiques.
 38863 | Elf:1    | Entered Level 1 of the Elven Halls
 39046 | Elf:1    | Received a gift from Trog
 39072 | Elf:1    | Paralysed by an air elemental for 1 turns
 39080 | Elf:1    | Paralysed by an air elemental for 1 turns
 39103 | Elf:1    | Reached XP level 19. HP: 191/191 MP: 18/18
 39769 | Elf:2    | Received a gift from Trog
 40167 | Elf:2    | Paralysed by an air elemental for 1 turns
 40274 | Elf:2    | Found a runed translucent gate.
 40274 | Elf:2    | Found a runed translucent gate.
 40274 | Elf:2    | Found a runed translucent gate.
 40285 | Elf:2    | Received a gift from Trog
 40774 | Elf:3    | Entered Level 3 of the Elven Halls
 40801 | Elf:3    | Received a gift from Trog
 41145 | Elf:3    | Noticed Asterion
 41433 | Elf:3    | Found Doutes's Antique Weapon Emporium.
 41586 | Elf:3    | Paralysed by an air elemental for 1 turns
 41685 | Elf:3    | Noticed Bai Suzhen
 41703 | Elf:3    | Killed Bai Suzhen
 41895 | Elf:3    | Found the +2 cloak of the Thief {*Fog Slay-2 SInv Stlth+}
 41932 | Elf:3    | Found Celeun's Jewellery Shop.
 41932 | Elf:3    | Found Miadirghintu's Book Emporium.
 41933 | Elf:3    | Found Pucveim's Book Emporium.
 42022 | Elf:3    | Noticed a Tzitzimitl
 42035 | Elf:3    | Reached XP level 20. HP: 145/204 MP: 9/19
 42039 | Elf:3    | Identified the +0 chain mail "Goxom" {rCorr Str+3 Int-2
                  | SInv}
 42040 | Elf:3    | Identified the +7 great sword of Sloth {freeze, Fragile
                  | rElec Str+10}
 42040 | Elf:3    | Identified the +3 shortbow of the Dripping Owl {vorpal,
                  | Int+7}
 42388 | Elf:3    | Received a gift from Trog
 42421 | Elf:3    | Killed Asterion
 42663 | Elf:3    | Found the -2 hat of the Alchemist {rElec rPois rF+ rC+ rN+
                  | Will+ rMut rCorr}
 43029 | Vaults:1 | Entered Level 1 of the Vaults
 43123 | Vaults:1 | Noticed Silenth's ghost (adept DrFE)
 43209 | Vaults:1 | Found a runed translucent gate.
 43210 | Vaults:1 | Found a runed translucent gate.
 43211 | Vaults:1 | Found a runed translucent gate.
 43565 | Vaults:1 | Identified the ring "Vuakacej" {+Blink rF+ rN+ MP+9 Int+2}
 43797 | Vaults:1 | Found Sobuf's Distillery.
 43805 | Vaults:1 | Bought a potion of curing for 36 gold pieces
 43805 | Vaults:1 | Bought a potion of heal wounds for 60 gold pieces
 43805 | Vaults:1 | Bought a potion of heal wounds for 60 gold pieces
 43924 | Vaults:1 | Received a gift from Trog
 43993 | Vaults:1 | Acquired 923 gold pieces
 44332 | Vaults:1 | Killed Silenth's ghost
 44343 | Vaults:1 | Identified the ring "Gulelit" {Wiz Dex+7}
 44540 | Vaults:2 | Noticed Frederick
 44559 | Vaults:2 | Killed Frederick
 44560 | Vaults:2 | Reached XP level 21. HP: 129/215 MP: 6/20
 44587 | Vaults:2 | Received a gift from Trog
 45368 | Vaults:2 | Received a gift from Trog
 46296 | Vaults:3 | Found a crumbling gateway.
 46313 | Desolati | Entered the Desolation of Salt
 46415 | Desolati | Identified the ring "Xetwouka" {rElec rPois Will- AC+4}
 46441 | Desolati | Received a gift from Trog
 46718 | Desolati | Identified the ring of the Madman {Fly rPois rF- rC- AC+4
                  | Dex+9}
 46951 | Desolati | Reached XP level 22. HP: 218/228 MP: 7/21
 46982 | Desolati | Received a gift from Trog
 47472 | Vaults:3 | Found Ynytune's Assorted Antiques.
 47479 | Vaults:3 | Bought a wand of digging (2) for 192 gold pieces
 47781 | Vaults:3 | Identified the +11 dagger of Moderation {elec, Int+4}
 47853 | Vaults:3 | Found a staircase to the Crypt.
 47993 | Vaults:3 | Received a gift from Trog
 48214 | Vaults:3 | Found Alotsix's Book Boutique.
 48439 | Vaults:4 | Found a flickering gateway to a bazaar.
 48484 | Bazaar   | Entered a bazaar
 48484 | Bazaar   | Found Heodayf's Book Emporium.
 48484 | Bazaar   | Found Etethuus's General Store.
 48484 | Bazaar   | Found Qaff's Antique Weapon Emporium.
 48484 | Bazaar   | Found Enos's Assorted Antiques.
 48484 | Bazaar   | Found Obbo's Magic Scroll Shoppe.
 48520 | Bazaar   | Bought a scroll of summoning for 85 gold pieces
 48522 | Bazaar   | Bought a scroll of teleportation for 99 gold pieces
 48532 | Bazaar   | Bought a scroll of enchant armour for 97 gold pieces
 48532 | Bazaar   | Bought a scroll of blinking for 97 gold pieces
 48532 | Bazaar   | Bought a scroll of enchant armour for 97 gold pieces
 48544 | Bazaar   | Bought a scroll of acquirement for 1716 gold pieces
 48545 | Bazaar   | Acquired a +1 pair of gloves of dexterity
 48880 | Vaults:4 | Received a gift from Trog
 49442 | Vaults:4 | Reached skill level 27 in Fighting
 49521 | Vaults:4 | Received a gift from Trog
 49973 | Vaults:5 | Entered Level 5 of the Vaults
 50002 | Vaults:5 | Reached XP level 23. HP: 121/240 MP: 7/22
 50024 | Vaults:5 | Noticed Margery
 50047 | Vaults:5 | Killed Margery
 50404 | Vaults:5 | Received a gift from Trog
 51195 | Vaults:5 | Received a gift from Trog
 51739 | Vaults:5 | Got a silver rune of Zot
 51870 | Vaults:5 | Identified the +0 hat of Winter {Will+ Str+4}
 52235 | Depths:1 | Entered Level 1 of the Depths
 52235 | Depths:1 | Noticed Sojobo
 52246 | Depths:1 | Paralysed by a floating eye for 2 turns
 52258 | Depths:1 | Noticed Nikola
 52259 | Depths:1 | Paralysed by a floating eye for 4 turns
 52270 | Depths:1 | Paralysed by an air elemental for 1 turns
 52271 | Depths:1 | Reached XP level 24. HP: 156/249 MP: 7/22
 52281 | Depths:1 | Killed Nikola
 52293 | Depths:1 | Killed Sojobo
 52592 | Depths:1 | Found the +3 warlock's mirror {reflect}
 52757 | Depths:1 | Found an ornate altar of the Wu Jian Council.
 52954 | Depths:1 | Found a gateway to Hell.
 53138 | Depths:2 | Received a gift from Trog
 53179 | Depths:2 | Found Idoed's Jewellery Emporium.
 53193 | Depths:2 | Found Xyoschies's Magic Scroll Shoppe.
 53204 | Depths:2 | Bought 2 scrolls of teleportation for 78 gold pieces
 53204 | Depths:2 | Bought a scroll of blinking for 97 gold pieces
 53249 | Depths:2 | Noticed a juggernaut
 53268 | Depths:2 | Killed a juggernaut
 53326 | Depths:2 | Noticed a juggernaut
 53336 | Depths:2 | Killed a juggernaut
 54100 | Depths:3 | Noticed a juggernaut
 54115 | Depths:3 | Noticed a juggernaut
 54131 | Depths:3 | Killed a juggernaut
 54369 | Depths:3 | Received a gift from Trog
 54457 | Depths:3 | Found a gateway to a ziggurat.
 54462 | Depths:3 | Noticed Boris
 54477 | Depths:3 | Killed Boris
 54579 | Depths:3 | Found a one-way gate leading to the halls of Pandemonium.
 54676 | Depths:3 | Found a transporter.
 55293 | Depths:4 | Found a runed translucent gate.
 55293 | Depths:4 | Found a runed translucent gate.
 55293 | Depths:4 | Found a runed translucent gate.
 55293 | Depths:4 | Noticed Huxu's ghost (adept NaFi)
 55295 | Depths:4 | Found a basalt altar of Yredelemnul.
 55388 | Depths:4 | Reached XP level 25. HP: 251/257 MP: 7/22
 55581 | Depths:4 | Paralysed by a floating eye for 4 turns
 55601 | Depths:4 | Paralysed by a floating eye for 3 turns
 55607 | Depths:4 | Paralysed by a floating eye for 3 turns
 55614 | Depths:4 | Received a gift from Trog
 56450 | Depths:4 | Killed Huxu's ghost
 56620 | Depths:5 | Entered Level 5 of the Depths
 56669 | Depths:5 | Noticed Boris
 56687 | Depths:5 | Killed Boris
 56902 | Depths:5 | Noticed a juggernaut
 56917 | Depths:5 | Killed a juggernaut
 57215 | Depths:5 | Found a gate to the Realm of Zot.
 57511 | Depths:5 | Reached skill level 27 in Axes
 57852 | Zot:1    | Entered Level 1 of the Realm of Zot
 58093 | Zot:1    | Reached XP level 26. HP: 263/263 MP: 7/22
 58259 | Zot:1    | Found a runed translucent gate.
 58259 | Zot:1    | Found a runed translucent gate.
 58259 | Zot:1    | Found a runed translucent gate.
 58262 | Zot:1    | Noticed Coph's ghost (legendary GnDe)
 58339 | Zot:1    | Received a gift from Trog
 59852 | Zot:3    | Received a gift from Trog
 60090 | Zot:3    | Identified the +6 whip "Kyliaf" {freeze, rF+ rC+}
 60095 | Zot:3    | Identified the ring "Zuggumn" {Ice rElec Dex+2}
 60234 | Zot:3    | Identified the +8 bardiche of Makhleb {freeze, Str+4}
 60779 | Zot:3    | Reached skill level 5 in Stealth
 60779 | Zot:3    | Reached XP level 27. HP: 198/273 MP: 7/22
 62068 | Zot:4    | Found a large runed translucent door.
 62069 | Zot:4    | Found a large runed translucent door.
 62071 | Zot:4    | Noticed Ytolar's ghost (legendary DsFi)
 62354 | Zot:4    | Identified the +2 hand axe "Zirghimap" {vorpal, rCorr Str+9
                  | Int-3} (Trog gifted it to you on level 4 of the Realm of
                  | Zot)
 62354 | Zot:4    | Received a gift from Trog
 62907 | Zot:4    | Killed Ytolar's ghost
 62923 | Zot:4    | Identified the +2 chain mail of Refuge {Harm rElec MP+9}
 62954 | Zot:5    | Entered Level 5 of the Realm of Zot
 63121 | Zot:5    | Noticed an ancient lich
 63129 | Zot:5    | Noticed an orb of fire
 63131 | Zot:5    | Reached skill level 27 in Armour
 63132 | Zot:5    | Noticed an orb of fire
 63133 | Zot:5    | Noticed a dread lich
 63135 | Zot:5    | Noticed an orb of fire
 63138 | Zot:5    | Reached skill level 5 in Evocations
 63139 | Zot:5    | Gained mutation: Your spells are a little easier to cast,
                  | but a little less powerful. [an orb of fire]
 63140 | Zot:5    | Killed an ancient lich
 63143 | Zot:5    | Killed an orb of fire
 63149 | Zot:5    | Killed an orb of fire
 63149 | Zot:5    | Killed an orb of fire
 63150 | Zot:5    | Reached skill level 10 in Dodging
 63152 | Zot:5    | Killed a dread lich
 63158 | Zot:5    | Reached skill level 27 in Shields
 63478 | Zot:5    | Noticed an orb of fire
 63479 | Zot:5    | Noticed an orb of fire
 63491 | Zot:5    | Gained mutation: You do not regenerate when monsters are
                  | visible. [an orb of fire]
 63501 | Zot:5    | Killed an orb of fire
 63505 | Zot:5    | Killed an orb of fire
 63505 | Zot:5    | Noticed a dread lich
 63533 | Zot:5    | Killed a dread lich
 63536 | Zot:5    | Received a gift from Trog
 63543 | Zot:5    | Reached skill level 10 in Stealth
 63552 | Zot:5    | Noticed an ancient lich
 63572 | Zot:5    | Killed an ancient lich
 64052 | Zot:5    | Found a white marble altar of Elyvilon.
 64253 | Zot:5    | Got the Orb of Zot
 64381 | Zot:2    | Noticed Ucikh the pandemonium lord
 64939 | D:1      | Noticed Azikh the pandemonium lord
 64942 | D:$      | Escaped with the Orb!

Illustrated notes

Levels and vault maps discovered:
D:1:      evilmike_arrival_crescent, layout_loops_ring
D:2:      layout_basic, kennysheep_potato
D:3:      layout_loops_ring, nicolae_ashenzari_panopticon, gup_sewer_entry_bowl,
          uniq_jessica, uniq_robin, uniq_ijyb
D:4:      layout_loops_corners, kennysheep_okawaru_gauntlet,
          grunt_temple_overflow_diamond, serial_shops, nicolae_shop_trees,
          minmay_surrounded, uniq_natasha, uniq_grinder
D:5:      layout_basic, elyvilon_altar_1, overflow_temple_1_default,
          kennysheep_dice, uniq_prince_ribbit1
D:6:      layout_basic, grunt_dithmenos_smoke, minmay_misc_feat_four_crosses,
          lemuel_another_geyser, uniq_menkaure
D:7:      layout_loops_ring, minmay_temple_entry_slanted
D:8:      minmay_the_grid_triangle_9x9_recursive_2
          [minmay_the_grid_triangle_9x9_prize_center,
          minmay_the_grid_triangle_9x9_stretched_checkered,
          minmay_the_grid_triangle_9x9_semitri,
          minmay_the_grid_triangle_9x9_wacky_v], layout_loops_ring,
          kennysheep_small_spiral, uniq_erica
D:9:      layout_irregular_city, mainiacjoe_overflow_small_starburst,
          lair_entry_dummy, serial_glass, glass_columns_c, glass_columns_c,
          uniq_pikel, uniq_grum
D:10:     layout_cave_pools, nicolae_ru_the_path_less_chosen,
          serial_co_window_serial, co_window_paths_a, co_window_paths_a,
          co_window_of_opportunity_a, co_window_paths_b,
          co_window_of_opportunity_a, co_window_broadway_b, co_window_corner_b,
          co_window_of_opportunity_c, co_window_4corner_b, glass_columns_a,
          glass_columns_b, glass_columns_b, glass_columns_b, glass_columns_c,
          glass_columns_b
D:11:     layout_basic, maelrawn_ghost_gauntlet_escape, minmay_misc_feat_plants,
          lightli_orcish_oven
D:12:     cheibrodos_monumental, layout_long_grid, orc_0_dummy,
          evilmike_butchery
D:13:     layout_cave_pools
D:14:     minmay_bubble_buster, layout_loops_ring, david_vaults_4,
          nicolae_uskayaw_dance_hall, hangedman_decor_riveting, uniq_jorgrun
D:15:     gammafunk_enter_depths_forms, layout_stronghold,
          portal_ice_cave_entry_frozen_things, gauntlet_entry_generic
Lair:1:   layout_layer_cave, minmay_lair_oklob_bushes
Lair:2:   layout_cave_pods, shoals_dummy_entry, spider_nest_entry_funnel_web,
          serial_bayou, serial_bayou_ford_a, serial_bayou_shore_b,
          serial_bayou_shore_b, serial_bayou_pond_c, lemuel_fruit_fields
Lair:3:   layout_regular_city, beast_lair_carwin_9, grunt_megastairs_4,
          uniq_gastronok
Lair:4:   layout_regular_city, chequers_serial_rivers_large_b,
          grunt_megastairs_5, lemuel_fruit_tree
Lair:5:   layout_regular_city, gammafunk_ghost_wrathful_warriors,
          chequers_serial_rivers_marsh, small_statue_intersection, tgw_fedhas
Lair:6:   gammafunk_lair_ancient_temple, layout_loops_ring,
          minmay_slime_entry_oklob_open, grunt_megastairs_2
Shoals:1: layout_shoals, serial_shops, nicolae_shop_stone, uniq_aizul
Shoals:2: layout_shoals, serial_shops, shop, nicolae_shoals_mertower
Shoals:3: cheibrodos_shoals_three_sisters, layout_shoals, serial_shops,
          shop_fountains, nicolae_shop_clearance
Shoals:4: shoals_end_grunt_ice, layout_shoals, ebering_ghost_gozag,
          nicolae_shoals_pincushion_passage
Spider:1: layout_spider_delve, hangedman_spider_mandibles
Spider:2: layout_spider_delve
Spider:3: layout_spider_delve, special_room [special_room_bee],
          ebering_ghost_reflecting_pool, hangedman_spider_tarantella_strand
Spider:4: spider_rune_water, gammafunk_ghost_abyssal_escape
Orc:1:    layout_diamond_mine, basic_altar, uniq_snorg
Orc:2:    st_orc_elflike, layout_caves, uniq_maurice
Elf:1:    elf_arrival_002, layout_geoelf_octagon, minivault_28
Elf:2:    nicolae_elf_blades_splatter_lattice
          [nicolae_blade_entry_hurt_lockers], layout_geoelf_octagon
Elf:3:    elf_hall, layout_loops_corners, serial_shops, shop,
          grunt_ministairs_13, minivault_25, st_stairs_4, minmay_shop_grove,
          uniq_bai_suzhen, uniq_asterion
Vaults:1: gammafunk_vaults_ghost_split, vaults_mumra_lcd,
          hangedman_vaults_nodes, nicolae_vaults_asterisk, vaults_dpeg_diagonal,
          nicolae_vaults_hallways_thing, vaults_dpeg_doors,
          nicolae_vaults_little_squares_5, nicolae_vaults_little_squares_5,
          nicolae_vaults_little_squares_3, v_rooms_6, vaults_room_door_hall,
          layout_vaults_maze_snakey, serial_shops, shop
Vaults:2: hangedman_vaults_nails, v_misc_27, hangedman_vaults_hard_town_square,
          hangedman_vaults_unwind, v_misc_29, hangedman_vaults_cutoff,
          vaults_mumra_hexcomb, ontoclasm_vaults_ring_square,
          nicolae_vaults_little_squares_1, vaults_dpeg_hooks,
          ontoclasm_vaults_decontamination, layout_vaults_omnicross,
          uniq_frederick
Vaults:3: nicolae_vaults_border_crossing, minmay_crypt_entry_simple_plaza,
          nicolae_vaults_little_squares_1, v_misc_27,
          nicolae_vaults_network_star, vaults_room_boxed, serial_ice_g,
          v_misc_26, vaults_mumra_chevron_long, hangedman_vaults_corner_blocks,
          hangedman_vaults_corner, ontoclasm_vaults_idyll,
          vaults_room_semicircle, layout_vaults_ring,
          portal_desolation_entry_nicolae_slug, serial_shops,
          nicolae_shop_waterfront, nicolae_square_shop
Vaults:4: nicolae_vaults_shelves_hall, ontoclasm_vaults_ring_square,
          vaults_room_fancy_cross, ontoclasm_vaults_twist, v_misc_28,
          nicolae_vaults_what_the_h, st_lines, hangedman_vaults_trim,
          dpeg_vaults_monster_box, vaults_room_semicircle,
          layout_vaults_omnigrid, serial_shops, bzr_in_the_mist
Vaults:5: uniq_margery
Depths:1: layout_cave_pools, nicolae_wu_jian_immortal_techniques,
          pf_hell_entry_great_geh, dispersion_dpeg, uniq_nikola, uniq_sojobo
Depths:2: minmay_open_boxes_in_corner, layout_cave_shapes, lightli_too_deep,
          fountainhead, grunt_megastairs_1, infiniplex_staircase_pool_2,
          serial_bayou_shore_a, minmay_shoptagon
Depths:3: emtedronai_trogs_sanctum, layout_gridlike, enter_ziggurat_b,
          nrook_uturn, pan_entry, grunt_hell_entry_dis_mu,
          minmay_staircase_bubble, serial_bayou_shore_b, uniq_boris
Depths:4: nicolae_legendary_halls, layout_gridlike, minmay_stone_trees_small,
          hangedman_coc_ice_floe, abyss_entry_small_statue_room,
          nicolae_yredelemnul_ghost_church
Depths:5: grunt_x_marks_the_spot, layout_honeycomb, hell_entry,
          serial_sigils_hangedman_scar, pan_entry,
          hangedman_research_electronics, serial_bayou_shore_b
Zot:1:    layout_onion, gammafunk_ghost_tricky_traps
Zot:2:    layout_onion_interference
Zot:3:    layout_basic, st_large_dragon_hoard_2
Zot:4:    layout_cathedral_of_symmetry, ebering_ghost_disaster_area,
          lemuel_elevator
Zot:5:    layout_twisted_circle, basic_altar

Skill      XL: |  1  2  3  4  5  6  7  8  9 10 11 12 13 14 15 16 17 18 19 20 21 22 23 24 25 26 27 |
---------------+----------------------------------------------------------------------------------+-----
Fighting       | 4 5 6 7 9 10 12 13 14 15 17 19 20 21 23 24 25 27 | 27.0
Axes           | 4 5 6 7 8 10 11 12 14 15 17 18 19 20 21 22 23 24 25 27 | 27.0
Armour         | 3 4 5 6 8 10 11 13 14 15 16 17 18 19 20 21 22 23 24 25 26 27 | 27.0
Dodging        | 3 4 5 6 7 8 12 | 12.3
Stealth        | 1 2 3 4 5 11 | 11.7
Shields        | 2 3 5 7 8 9 10 11 12 14 15 16 17 18 20 21 23 25 27 | 27.0
Evocations     | 1 2 8 |  8.5

Action                   |  1- 3 |  4- 6 |  7- 9 | 10-12 | 13-15 | 16-18 | 19-21 | 22-24 | 25-27 || total
-------------------------+-------+-------+-------+-------+-------+-------+-------+-------+-------++-------
Melee: Hand axe          |    91 |   123 |       |       |       |       |       |       |       ||   214
       Headbutt          |    18 |    24 |    53 |   117 |   244 |   382 |   478 |   672 |   632 ||  2620
       War axe           |       |    47 |   277 |   297 |       |       |       |       |       ||   621
       Broad axe         |       |       |       |   196 |   923 |  1558 |  1448 |  1591 |  1590 ||  7306
Invok: Berserk           |     1 |     5 |     8 |    17 |    18 |    15 |    12 |     6 |    11 ||    93
       Brothers in Arms  |       |       |     2 |     2 |     4 |     7 |     4 |     4 |    10 ||    33
       Trog's Hand       |       |       |     2 |     1 |     1 |     2 |     1 |     1 |     5 ||    13
Evoke: Wand              |       |       |     2 |     6 |     5 |       |       |       |     3 ||    16
       Condenser vane    |       |       |       |       |     1 |     1 |     1 |     1 |       ||     4
  Use: Scroll            |     1 |     2 |     9 |     4 |    11 |     5 |     6 |     6 |    15 ||    59
       Potion            |       |       |       |       |     1 |     2 |     1 |     1 |     9 ||    14
 Stab: Sleeping          |       |       |       |       |     1 |       |       |       |       ||     1
       Held in net/web   |       |       |       |       |       |     1 |       |       |       ||     1
       Distracted        |       |       |       |       |       |       |       |     3 |    11 ||    14
       Confused          |       |       |       |       |       |       |       |     2 |       ||     2
       Invisible         |       |       |       |       |       |       |       |     2 |       ||     2
Armor: Animal skin       |    10 |       |       |       |       |       |       |       |       ||    10
       Ring mail         |    10 |     5 |       |       |       |       |       |       |       ||    15
       Scale mail        |       |    67 |    32 |       |       |       |       |       |       ||    99
       Chain mail        |       |       |   121 |     2 |       |       |       |       |       ||   123
       Plate armour      |       |       |       |   243 |   502 |   993 |   599 |   707 |   112 ||  3156
       Acid dragon scale |       |       |       |    33 |    64 |       |       |       |       ||    97
       Gold dragon scale |       |       |       |       |       |       |       |       |   783 ||   783
Dodge: Dodged            |    51 |   104 |   110 |   155 |   324 |   578 |   457 |   530 |   565 ||  2874
       Repelled          |       |     1 |     1 |     3 |     7 |    12 |    11 |    16 |    28 ||    79
Block: Kite shield       |       |       |    95 |   229 |   462 |  1004 |   820 |  1058 |  1167 ||  4835

Table legend: (Time is in decaauts)
 A = Elapsed time spent in this place.
 B = Non-inter-level travel time spent in this place.
 C = Inter-level travel time spent in this place.
 D = Time resting spent in this place.
 E = Time spent auto-exploring this place.
 F = Levels seen in this place.
 G = Mean time per level.
                   A        B        C        D        E       F      G
               +--------+--------+--------+--------+--------+-----+--------+
         Total |  66063 |  61272 |   4791 |   8015 |  38677 |  54 | 1223.4 |
       Dungeon |  20892 |  18696 |   2196 |   3416 |  11890 |  15 | 1392.8 |
          Lair |   9349 |   8704 |    645 |   1421 |   5941 |   6 | 1558.2 |
        Shoals |   4680 |   4473 |    207 |    569 |   2615 |   4 | 1170.0 |
   Spider Nest |   3524 |   3327 |    197 |     38 |   2457 |   4 |  881.0 |
  Orcish Mines |   1435 |   1159 |    276 |     23 |    822 |   2 |  717.5 |
   Elven Halls |   4093 |   3863 |    230 |    386 |   2208 |   3 | 1364.3 |
        Vaults |   7598 |   7104 |    494 |    754 |   4303 |   5 | 1519.6 |
        Depths |   5482 |   5245 |    237 |    345 |   3416 |   5 | 1096.4 |
           Zot |   6282 |   5977 |    305 |    671 |   3768 |   5 | 1256.4 |
        Bazaar |     80 |     80 |      0 |      0 |     46 |   1 |   80.0 |
         Sewer |    736 |    736 |      0 |     83 |    431 |   1 |  736.0 |
      Ice Cave |    484 |    484 |      0 |    187 |      4 |   1 |  484.0 |
    Desolation |    956 |    956 |      0 |     75 |    584 |   1 |  956.0 |
      Gauntlet |    469 |    469 |      0 |     44 |    186 |   1 |  469.0 |
               +--------+--------+--------+--------+--------+-----+--------+

Top non-repeatable levels by time:
  Lair:2: 2363 daAuts
    D:11: 2061 daAuts
   Elf:3: 1998 daAuts
     D:8: 1930 daAuts
Vaults:4: 1859 daAuts
     D:5: 1806 daAuts
     D:4: 1800 daAuts
  Lair:6: 1711 daAuts
   Zot:4: 1601 daAuts
Depths:4: 1575 daAuts
     D:9: 1530 daAuts
  Lair:3: 1524 daAuts
  Lair:1: 1515 daAuts
Vaults:5: 1490 daAuts
Vaults:1: 1486 daAuts
